Map: Abyssal Reef LE

Players

Alkatra

  • Race: Terran Terran
  • League: Diamond
  • Spawn Location: 11:00

Musumeci - Winner!

  • Race: Zerg Zerg
  • League: Diamond
  • Spawn Location: 5:00

VOD

Have the link to the VOD?

Description

Time

  • Played on: Feb. 23, 2017, 12:55 p.m.
  • Length: 5:57
Show
View Real Time Build Order
Export as new Build Order

Alkatra Terran 

Build Orders: Reaper Expand 

Get SALT Encoding   

  12  0:00  SCV  
  13  0:13  SCV  
  14  0:17  Supply Depot  
  14  0:25  SCV  
  15  0:30  Refinery  
  15  0:39  SCV  
  16  0:45  Barracks  
  16  0:51  SCV  
  17  1:03  SCV  
  18  1:15  SCV  
  19  1:35  Reaper  
  20  1:41  Command Center  
  20  1:53  SCV  
  21  2:09  SCV  
  21  2:12  Barracks Reactor  
  22  2:32  Supply Depot  
  22  2:35  SCV  
  23  2:54  Marine x2  
  23  2:57  Factory  
  24  3:03  Bunker  
  24  3:12  Marine x2  
  26  3:16  Refinery  
  26  3:17  SCV  
  27  3:25  Orbital Command  
  27  3:35  SCV, Marine  
  27  3:39  Marine  
  29  3:54  Supply Depot  
  28  4:15  Cyclone  
  28  4:16  Barracks Reactor  
  31  4:22  Orbital Command  
  21  4:47  Cyclone  
  16  5:02  SCV  
  16  5:03  SCV  
  16  5:06  Marine x2  
  20  5:14  SCV  
  20  5:17  SCV  
  22  5:24  Cyclone  
  25  5:29  SCV  
  25  5:34  SCV  
  27  5:36  Starport  
  27  5:49  Command Center  
Show
View Real Time Build Order
Export as new Build Order

Musumeci Zerg - Winner!

Build Orders: Pool First, Ravager All-In 

Get SALT Encoding   

  12  0:01  Drone  
  13  0:08  Drone  
  14  0:16  Extractor  
  14  0:17  Drone  
  15  0:38  Spawning Pool  
  14  1:04  Hatchery  
  14  1:06  Extractor  
  14  1:07  Drone, Extractor  
  14  1:08  Drone  
  15  1:24  Extractor  
  15  1:25  Extractor  
  13  1:26  Roach Warren  
  13  1:30  Drone  
  14  1:32  Drone  
  14  1:59  Overlord  
  14  2:26  Roach x3  
  20  2:34  Queen  
  22  2:42  Overlord  
  22  3:00  Ravager  
  22  3:01  Ravager x2  
  22  3:02  Roach  
  22  3:03  Roach  
  29  3:18  Overlord  
  29  3:23  Ravager  
  30  3:57  Ravager  
  28  4:45  Roach x5  
  26  5:10  Ravager x5  
  31  5:15  Drone  
  31  5:16  Drone  
  31  5:17  Drone  
  34  5:22  Hatchery  
  33  5:37  Overlord x2  
Tags
 
Add a new tag
Caveats
  • Supply blocks, unpowered buildings, or Contaminate may cause inaccurate times.
  • Supply counts are checked every 10 seconds.